 Dungeon Crawl Stone Soup version 0.21.1-1-g345015fe64 (webtiles) character file.

77 RaHiT the Sneak (level 4, -1/34 HPs)
             Began as a Vampire Assassin on Feb 24, 2018.
             Slain by a gnoll
             ... wielding a +0 halberd
              (6 damage)
             ... on level 3 of the Dungeon.
             The game lasted 00:06:10 (1790 turns).

RaHiT the Sneak (Vampire Assassin)                  Turns: 1790, Time: 00:06:10

Health: -1/34      AC:  0    Str: 10    XL:     4   Next: 14%
Magic:  2/4        EV: 20    Int: 13    God:
Gold:   43         SH:  0    Dex: 21    Spells: 3/3 levels left

rFire    . . .     SeeInvis +   (weapon currently unavailable)
rCold    . . .     Gourm    .   (shield currently unavailable)
rNeg     + . .     Faith    .   (armour currently unavailable)
rPois    .         Spirit   .   (helmet currently unavailable)
rElec    .         Reflect  .   (cloak currently unavailable)
rCorr    .         Harm     .   (gloves currently unavailable)
MR       .....                  (boots currently unavailable)
Stlth    ++++++....             (no amulet)
HPRegen  0.11/turn              (ring currently unavailable)
MPRegen  0.09/turn              (ring currently unavailable)

@: bat-form, flying, very quick
A: tiny, fangs 3, see invisible
a: End Transformation


You were on level 3 of the Dungeon.
You were not thirsty.
You were in vampire-bat-form.
You visited 1 branch of the dungeon, and saw 3 of its levels.

You collected 43 gold pieces.

Inventory:

Hand Weapons
 a - a +2 dagger
 b - a +0 blowgun
 g - a +2 dagger of draining (melded)
 p - a +1 short sword of freezing
Missiles
 e - 8 poisoned needles
 f - 2 curare-tipped needles
Armour
 c - a +0 robe (melded)
 d - a +0 cloak (melded)
Wands
 k - a wand of acid (15)
 l - a wand of clouds (5)
Scrolls
 i - 2 scrolls of noise {unknown}
 m - 2 scrolls of teleportation {unknown}
 s - a scroll of blinking {unknown}
 t - a scroll of identify {unknown}
 u - 2 scrolls of magic mapping
Potions
 h - a potion of lignification {unknown}
 j - a potion of might {unknown}
 n - 11 potions of blood
 o - a potion of haste {unknown}
 q - a potion of magic {unknown}
 r - 2 potions of degeneration {unknown}
 v - a potion of heal wounds {unknown}


   Skills:
 + Level 2.4 Fighting
 + Level 2.8 Short Blades
 + Level 1.9 Throwing
 + Level 1.0 Armour
 + Level 1.9 Dodging
 + Level 6.2 Stealth
 + Level 0.6 Evocations


You had 3 spell levels left.
You didn't know any spells.

Dungeon Overview and Level Annotations

Branches:
Dungeon (3/15)

Altars:
Gozag


Innate Abilities, Weirdness & Mutations

You have razor-sharp teeth.
You have supernaturally acute eyesight. (SInv)
((You can survive without breathing.))


Message History

You barely miss the bat. The bat hits you.
* * * LOW HITPOINT WARNING * * *
You miss the bat. Your bite misses the bat.
The bat hits you but does no damage. x2
The bat hits you but does no damage. The bat barely misses you.
The bat closely misses you. The bat hits you.
* * * LOW HITPOINT WARNING * * *
The bat hits you.
* * * LOW HITPOINT WARNING * * *
The bat barely misses you. The bat hits you.
* * * LOW HITPOINT WARNING * * *
The bat barely misses you. The bat completely misses you.
The bat closely misses you.
You turn into a vampire bat.
Your +2 dagger of draining melds into your body.
Your +0 cloak melds into your body.
Your +0 robe melds into your body.
The bat completely misses you.
The gnoll hits you from afar with a halberd.
You die...

(.$##gr.# #.#
..##..#.#####.####
.##..##..(.##....#
#..# ####.#####.#
#..# #.# #.# ..#
#.# #.# ### #.#
#.# #g# #.# #r#
#b# #.# #b# #.#
#g# #.# #r# ##.##
#.# #..g####g#
#.#.r....#
#...###### #####


You could see a gnoll, a goblin, a bat and a rat.

Vanquished Creatures
  2 adders (D:2)
  An ooze (D:1)
  2 worms (D:2)
  A dart slug (D:1)
  2 leopard geckos (D:3)
  2 giant cockroaches (D:1)
  6 hobgoblins
  4 jackals (D:3)
  A quokka (D:2)
  7 bats
  A frilled lizard (D:2)
  6 goblins
  2 kobolds (D:2)
  7 rats
44 creatures vanquished.

Notes
Turn   | Place    | Note
-------+----------+-------------------------------------------
     0 | D:1      | RaHiT the Vampire Assassin began the quest for the Orb.
     0 | D:1      | Reached XP level 1. HP: 16/16 MP: 1/1
   165 | D:1      | Reached XP level 2. HP: 22/22 MP: 2/2
   205 | D:1      | Reached skill level 6 in Stealth
   787 | D:2      | Reached XP level 3. HP: 27/27 MP: 3/3
   859 | D:2      | Found an opulent altar of Gozag.
  1529 | D:3      | Reached XP level 4. HP: 32/34 MP: 4/4
  1603 | D:3      | Reached skill level 1 in Armour
  1790 | D:3      | Slain by a gnoll

Skill      XL: |  1  2  3  4 |
---------------+-------------+-----
Stealth        | 6 |  6.2
Fighting       | 2 |  2.4
Armour         | 1 |  1.0
Short Blades   | |  2.8
Throwing       | |  1.9
Dodging        | |  1.9
Evocations     | |  0.6

Action                   |  1- 3 |  4- 6 || total
-------------------------+-------+-------++-------
Melee: Dagger            |    72 |    29 ||   101
       Bite              |     5 |     3 ||     8
 Abil: Bat Form          |     1 |     1 ||     2
       End Transformatio |     1 |       ||     1
  Use: Potion            |     6 |       ||     6
       Scroll            |     1 |       ||     1
 Stab: Sleeping          |    10 |       ||    10
Armor: Robe              |    24 |    28 ||    52
Dodge: Dodged            |    42 |    38 ||    80
